Map: 闪烬平原-天梯版

Players

电脑难度(新手)

  • Race: Zerg Zerg

送你上宗师 - Winner!

  • Race: Terran Terran
  • League: Diamond

VOD

Have the link to the VOD?

Description

Time

  • Played on: Nov. 27, 2021, 9:42 a.m.
  • Length: 10:17
Show
View Real Time Build Order
Export as new Build Order

电脑难度(新手) Zerg 

Build Orders: Pool First 

Get SALT Encoding   

  12  0:01  Drone  
  13  0:12  Overlord  
  13  0:16  Drone  
  14  0:35  Spawning Pool  
  13  0:36  Extractor  
  13  0:39  Drone  
  13  0:46  Drone  
  14  0:52  Overlord  
  14  1:22  Queen, Zergling x2  
  17  1:31  Roach Warren  
  17  1:32  Extractor  
  15  1:37  Drone  
  16  1:44  Drone  
  17  1:50  Zergling x2  
  18  2:02  Drone  
  19  2:09  Drone  
  20  2:18  Zergling x2  
  20  2:19  Drone  
  22  2:29  Overlord  
  22  2:33  Drone  
  23  2:40  Drone  
  24  2:46  Roach  
  24  2:47  Drone  
  27  7:25  Drone, Roach, Lair  
  27  7:26  Overlord  
  30  7:32  Drone  
  30  7:33  Hatchery  
  30  7:39  Drone  
  31  7:46  Drone  
  32  8:04  Roach  
  29  8:26  Overseer x2  
  29  8:43  Zergling x2  
  29  8:45  Drone  
  31  8:52  Extractor  
  31  8:53  Drone  
  31  8:56  Extractor  
  31  9:00  Drone  
  31  9:08  Drone  
  32  9:15  Drone  
  33  9:21  Roach  
  33  9:22  Drone  
  36  9:29  Drone  
  37  9:37  Drone  
  37  9:43  Overlord, Overseer  
  37  9:44  Drone  
  34  9:52  Drone  
  34  9:59  Drone  
  30  10:00  Zergling x2  
Show
View Real Time Build Order
Export as new Build Order

送你上宗师 Terran - Winner!

Build Orders: Hellion Opening, Reaper Expand 

Get SALT Encoding   

  12  0:00  SCV  
  13  0:12  SCV  
  14  0:18  Supply Depot  
  14  0:26  SCV  
  15  0:40  SCV  
  15  0:41  Barracks  
  16  0:45  Refinery  
  16  0:52  SCV  
  17  1:04  SCV  
  18  1:16  SCV  
  19  1:28  Orbital Command  
  19  1:29  Reaper  
  20  1:40  Command Center  
  20  1:49  Supply Depot  
  20  1:54  SCV  
  21  2:01  Marine  
  21  2:06  SCV  
  23  2:12  Factory  
  23  2:18  SCV  
  23  2:22  Barracks Reactor  
  24  2:30  SCV  
  25  2:38  Command Center  
  25  2:42  SCV  
  26  2:49  Refinery  
  26  2:52  Orbital Command  
  26  2:59  Ghost Academy  
  26  3:05  SCV  
  27  3:10  Barracks Tech Lab  
  27  3:12  Hellion  
  29  3:15  Hellion  
  29  3:18  SCV  
  32  3:20  SCV  
  33  3:30  SCV  
  33  3:32  Ghost  
  36  3:35  Hellion  
  36  3:37  Hellion  
  36  3:38  SCV  
  41  3:45  SCV  
  42  3:50  Orbital Command  
  42  3:51  SCV  
  43  3:56  Hellion  
  43  3:58  Hellion  
  43  4:01  Ghost  
  43  4:02  SCV  
  50  4:07  Supply Depot  
  50  4:08  SCV  
  51  4:15  Armory, SCV  
  52  4:18  SCV  
  52  4:19  Hellion  
  52  4:22  Hellion  
  57  4:29  Supply Depot  
  57  4:30  SCV x3  
  60  4:35  Ghost  
  62  4:42  SCV  
  63  4:46  Barracks  
  63  4:51  SCV, Barracks  
  63  4:52  SCV  
  65  4:54  SCV  
  65  4:56  Supply Depot  
  66  5:01  Factory Reactor  
  66  5:03  SCV  
  66  5:05  SCV  
  66  5:06  Stimpack, SCV  
  69  5:07  Marine  
  69  5:10  Refinery  
  69  5:12  Refinery  
  70  5:15  SCV  
  70  5:16  Engineering Bay  
  70  5:18  Supply Depot, SCV x2  
  70  5:19  Engineering Bay  
  73  5:22  Starport  
  73  5:27  SCV  
  74  5:29  Orbital Command  
  74  5:30  SCV  
  75  5:40  Barracks  
  75  5:49  Factory Reactor, Barracks  
  75  5:52  Terran Infantry Armor Level 1, Terran Infantry Weapons Level 1  
  75  5:54  Marine x5  
  80  5:57  Supply Depot  
  80  5:59  SCV x2  
  80  6:02  SCV  
  83  6:08  Starport Reactor  
  83  6:11  SCV  
  84  6:15  Supply Depot, SCV x2  
  84  6:16  Supply Depot, Marine x3, Marauder  
  91  6:21  Supply Depot  
  91  6:26  SCV  
  91  6:27  Marine, SCV  
  94  6:32  Factory  
  94  6:33  Factory Reactor  
  94  6:36  Marine x5  
  94  6:37  Barracks Reactor  
  99  6:40  Marine  
  99  6:41  Supply Depot  
  99  6:42  SCV x3  
  99  6:45  Supply Depot  
  103  6:51  Refinery  
  103  6:52  Marine  
  103  6:53  Medivac x2  
  103  6:54  SCV x2  
  110  6:57  Combat Shield  
  110  6:58  Marine x2  
  110  6:59  Marine x4  
  116  7:09  Supply Depot  
  116  7:10  Marine, SCV x2  
  116  7:11  Supply Depot, SCV  
  116  7:13  Marine  
  116  7:14  Refinery, Marine  
  122  7:16  Marine  
  122  7:17  Factory Tech Lab  
  122  7:22  Marine x4, SCV  
  126  7:23  Widow Mine x2  
  126  7:25  Medivac x2  
  126  7:28  Marauder  
  138  7:34  Supply Depot  
  138  7:36  Supply Depot  
  138  7:40  Marine x2  
  138  7:44  Marine  
  140  7:45  Widow Mine x2  
  140  7:47  Terran Infantry Weapons Level 2  
  140  7:48  Terran Infantry Armor Level 2  
  140  7:49  Marine x2, Command Center  
  140  7:50  Marine x2  
  151  7:51  Marauder  
  151  7:56  Supply Depot  
  151  7:58  Supply Depot  
  151  8:02  Medivac x2, Marine  
  151  8:03  Marine  
  157  8:08  Marine  
  157  8:09  Marine x5  
  165  8:13  Widow Mine x2  
  165  8:14  Marauder  
  165  8:17  Drilling Claws  
  165  8:19  Widow Mine, Barracks  
  171  8:21  Supply Depot, Barracks  
  171  8:22  Supply Depot  
  171  8:24  Marine x2  
  173  8:28  Marine x2  
  173  8:31  SCV x3  
  173  8:34  Medivac  
  180  8:35  Marauder  
  182  8:41  Medivac  
  182  8:42  Widow Mine x2  
  182  8:43  Marine x5, SCV  
  182  8:48  Marine x3  
  197  8:56  SCV  
  197  8:57  Marauder  
  200  9:04  Barracks  
  200  9:07  Barracks Tech Lab  
  200  9:08  Barracks Tech Lab  
  200  9:28  Command Center  
  200  9:32  Command Center  
  198  9:48  Refinery  
  198  9:50  Refinery  
Tags
 
Add a new tag
Caveats
  • Supply blocks, unpowered buildings, or Contaminate may cause inaccurate times.
  • Supply counts are checked every 10 seconds.